 Dungeon Sprint DCSS version 0.29-a0-1027-gcd8c55af63 (webtiles) character file.

Game seed: 3516691578645850546

3675 mhtbhm the Imperceptible (level 9, -9/46 HPs)
             Began as a Spriggan Brigand on Aug 12, 2022.
             Was an Elder of Dithmenos.
             Killed from afar by Dowan (52 damage)
             ... with a stone arrow
             ... in the Dungeon (Sprint III: "The Ten Rune Challenge") on Aug 13, 2022.
             The game lasted 00:06:56 (1367 turns).

mhtbhm the Imperceptible (Spriggan Brigand)         Turns: 1367, Time: 00:06:58

Health: -9/46      AC:  3    Str:  7    XL:     9   Next: 89%
Magic:  10/14      EV: 24    Int: 13    God:    Dithmenos [****..]
Gold:   21         SH:  0    Dex: 20    Spells: 8/8 levels left

rFire   . . .      SeeInvis +   a - +2 dagger
rCold   . . .      Faith    .   (no shield)
rNeg    . . .      Spirit   .   b - +0 robe
rPois   .          Reflect  .   (helmet restricted)
rElec   .          Harm     .   c - +0 cloak
rCorr   .          Rampage  .   (gloves unavailable)
Will    +....      NoTele   +   (boots unavailable) Stlth ***+++++++
                                (no amulet)
HPRegen 0.15/turn               (no ring)
MPRegen 0.14/turn               (no ring)

@: wreathed by umbra, very quick
A: very small, no large weapons, unfitting armour, see invisible, speed 3, horns
1, mutation resistance 1
a: Renounce Religion, Shadow Step


You were in the Dungeon.
You worshipped Dithmenos.
Dithmenos was greatly pleased with you.
You visited 1 branch You collected 21 gold pieces.

Inventory:

Hand Weapons
 a - a +2 dagger (weapon)
Missiles
 d - 8 poisoned darts (quivered)
Armour
 b - a +0 robe (worn)
 c - a +0 cloak (worn)
Wands
 j - a wand of charming (2)
Scrolls
 k - a scroll of blinking
 m - a scroll of immolation {unknown}
 n - a scroll of magic mapping {unknown}
 p - a scroll of poison {unknown}
 q - a scroll of identify {unknown}
Potions
 f - 2 potions of curing
 h - a potion of haste
 i - 2 potions of magic
 l - a potion of mutation
 o - a potion of flight {unknown}
 r - a potion of brilliance {unknown}
 s - a potion of invisibility {unknown}
Miscellaneous
 t - a box of beasts (inert)


   Skills:
 + Level 4.9 Fighting
 + Level 9.0 Short Blades
 + Level 10.4 Throwing
 + Level 9.3 Dodging
 + Level 23.3 Stealth
 * Level 6.2 Invocations
 + Level 4.5 Evocations


You had 8 spell levels left.
You didn't know any spells.
Your spell library contained the following spells:

 Spells                   Type           Power      Damage    Failure   Level
 Ensorcelled Hibernation  Hex/Ice        0%         N/A       43%         2
 Portal Projectile        Hex/Tloc       0%         N/A       67%         3
 Spider Form              Tmut/Pois      0%         N/A       67%         3
 Tukima's Dance           Hex            0%         N/A       67%         3
 Anguish                  Hex/Necr       0%         N/A       97%         4
 Blade Hands              Tmut           0%         N/A       100%        5


Dungeon Overview and Level Annotations

Branches:
Dungeon (1/1)

Altars:
Cheibriados
Dithmenos
Elyvilon
Fedhas
Gozag
Hepliaklqana
Kikubaaqudgha
Makhleb
Nemelex Xobeh
Okawaru
Qazlal
Ru
Sif Muna
Trog
Uskayaw
Vehumet
Wu Jian
Xom
Yredelemnul
Zin
The Shining One
Jiyva
Lugonu

Annotations:
D Dowan


Innate Abilities, Weirdness & Mutations

You are very small and have problems with some larger weapons.
You are too small for most types of armour.
You have supernaturally acute eyesight. (SInv)
You cover ground extremely quickly. (Speed+++)
You have a pair of small horns on your head.
You are somewhat resistant to further mutation.


Message History

The helpless Duvessa fails to defend herself.
You spit Duvessa like a pig!!!!!
You kill Duvessa!
Dithmenos accepts your kill.
Dowan screams, "No!
Oh no!"
Dowan seems to find hidden reserves of power!
Your Short Blades skill increases to level 9!
Your Invocations skill increases to level 6!
Unknown command.
Dowan shouts!
You hit Dowan. You headbutt Dowan.
Dowan is lightly wounded.
Dowan mumbles some strange words.
Dowan blinks!
Throw: 2 darts (curare)
Press: ? - help, Q - select action, (/) - cycle Shift-Dir - straight line, f - Dowan
Aim: Dowan, wielding a +0 morningstar of distortion (lightly wounded, fast, umbra, 61% to hit)
You throw a curare-tipped dart. The curare-tipped dart hits Dowan.
Dowan is poisoned.
Dowan convulses.
Dowan seems to slow down.
Dowan is lightly wounded.
Throw: dart (curare)
Press: ? - help, Q - select action, (/) - cycle Shift-Dir - straight line, f/p - Dowan
Aim: Dowan, wielding a +0 morningstar of distortion (lightly wounded, fast, very poisoned, slow, umbra, 61% to hit)
You throw a curare-tipped dart.
The curare-tipped dart barely misses Dowan.
Unknown command.
Things that are here:
a +2 great sword of freezing; 7 curare-tipped darts You open the lid... ...and a juvenile weirdsting beast leaps out!
The box is emptied!
Unknown command.
You barely miss Dowan. You headbutt Dowan.
Dowan is lightly wounded.
Your shadow hits Dowan with a dagger.
Dowan points at you and mumbles some strange words.
The stone arrow hits you!!!
Ouch! That really hurt!
You die...

.#§§.#...#...##.#.#.#
▓▓▓▓▓▓▓▓▓▓▓▓▓#.#.#.#
.......~~~...##.#.#.#
≈≈≈≈≈≈≈≈≈♣♣..'.#.#.#.#
♣♣♣♣♣♣♣♣♣♣♣..##(#.#.##
♣♣♣##(##### #...+
#.He# #..@# #####


You could see Dowan (fast, very poisoned, slow, ally target) and a friendly
juvenile weirdsting beast (summoned).

Vanquished Creatures
  Erica (D)
  A deep elf pyromancer (D)
  Duvessa (D)
  An unseen horror (D)
  A shadow (D)
  A spatial vortex (D)
  2 centaurs (D)
  An earth elemental (D)
  A water elemental (D)
  A necrophage (D)
  A jelly (D)
  Jessica (D)
  A wizard (D)
  A necromancer (D)
  2 humans (D)
  A kobold demonologist (D)
  A wolf (D)
  3 rats (D)
22 creatures vanquished.

Vanquished Creatures (collateral kills)
  A centaur warrior (D)
  A human (D)
  3 wandering mushrooms (D)
5 creatures vanquished.

Vanquished Creatures (others)
  3 plants (D)
3 creatures vanquished.

Grand Total: 30 creatures vanquished

Notes
Turn   | Place    | Note
-------+----------+-------------------------------------------
     0 | D        | mhtbhm the Spriggan Brigand began the quest for the Orb.
     0 | D        | Reached XP level 1. HP: 10/10 MP: 2/2
    10 | D        | Reached skill level 6 in Stealth
    21 | D        | Noticed Jessica
    40 | D        | Killed Jessica
    41 | D        | Reached skill level 9 in Stealth
    41 | D        | Reached XP level 2. HP: 16/16 MP: 3/3
    84 | D        | Reached skill level 10 in Stealth
    84 | D        | Reached XP level 3. HP: 19/19 MP: 4/4
   139 | D        | Gained mutation: You have a pair of small horns on your
                  | head. [potion of mutation]
   139 | D        | Gained mutation: You are somewhat resistant to further
                  | mutation. [potion of mutation]
   372 | D        | Noticed a water elemental
   383 | D        | Killed a water elemental
   384 | D        | Reached skill level 12 in Stealth
   384 | D        | Reached XP level 4. HP: 24/24 MP: 5/5
   467 | D        | Found a shadowy altar of Dithmenos.
   467 | D        | Noticed a necrophage
   468 | D        | Found a basalt altar of Yredelemnul.
   468 | D        | Found a sacrificial altar of Ru.
   470 | D        | Reached skill level 13 in Stealth
   470 | D        | Reached XP level 5. HP: 28/28 MP: 6/6
   493 | D        | Reached skill level 5 in Throwing
   493 | D        | Reached skill level 14 in Stealth
   704 | D        | Became a worshipper of Dithmenos the Shadowed
   725 | D        | Noticed a shadow
   727 | D        | Killed a shadow
   728 | D        | Reached skill level 5 in Short Blades
   728 | D        | Reached skill level 16 in Stealth
   728 | D        | Reached XP level 6. HP: 32/32 MP: 7/7
   749 | D        | Found a glowing silver altar of Zin.
   750 | D        | Found a glowing golden altar of the Shining One.
   750 | D        | Found a white marble altar of Elyvilon.
   750 | D        | Noticed a deep elf pyromancer
   752 | D        | Killed a deep elf pyromancer
   752 | D        | Reached * piety under Dithmenos
   753 | D        | Reached skill level 19 in Stealth
   753 | D        | Reached XP level 7. HP: 37/37 MP: 8/8
   768 | D        | Found a radiant altar of Vehumet.
   769 | D        | Found a shimmering blue altar of Sif Muna.
   769 | D        | Found an ancient bone altar of Kikubaaqudgha.
   801 | D        | Found a blossoming altar of Fedhas.
   801 | D        | Found a stormy altar of Qazlal.
   802 | D        | Found a snail-covered altar of Cheibriados.
   802 | D        | Found a burning altar of Makhleb.
   802 | D        | Found a hazy altar of Hepliaklqana.
   802 | D        | Found a shimmering altar of Xom.
   802 | D        | Found an opulent altar of Gozag.
   802 | D        | Found a sparkling altar of Nemelex Xobeh.
   802 | D        | Found a corrupted altar of Lugonu.
   802 | D        | Found a viscous altar of Jiyva.
   802 | D        | Noticed a spatial vortex
   804 | D        | Killed a spatial vortex
   804 | D        | Reached ** piety under Dithmenos
   827 | D        | Found a hide-covered altar of Uskayaw.
   827 | D        | Found an iron altar of Okawaru.
   828 | D        | Found a bloodstained altar of Trog.
   828 | D        | Found an ornate altar of the Wu Jian Council.
   828 | D        | Noticed a human
   828 | D        | Noticed a human
   998 | D        | Killed a human
   999 | D        | Reached skill level 20 in Stealth
   999 | D        | Reached XP level 8. HP: 42/42 MP: 9/9
  1006 | D        | Reached skill level 1 in Evocations
  1048 | D        | Noticed Erica
  1051 | D        | Killed Erica
  1052 | D        | Reached skill level 21 in Stealth
  1061 | D        | Reached *** piety under Dithmenos
  1068 | D        | Noticed a centaur warrior
  1088 | D        | Killed a centaur warrior
  1089 | D        | Reached skill level 22 in Stealth
  1089 | D        | Reached XP level 9. HP: 36/46 MP: 11/13
  1154 | D        | Noticed an unseen horror
  1156 | D        | Killed an unseen horror
  1156 | D        | Reached **** piety under Dithmenos
  1157 | D        | Reached skill level 10 in Throwing
  1157 | D        | Reached skill level 5 in Invocations
  1223 | D        | Noticed a wandering mushroom
  1227 | D        | Noticed a wandering mushroom
  1229 | D        | Noticed a wandering mushroom
  1262 | D        | Killed a wandering mushroom
  1263 | D        | Reached skill level 23 in Stealth
  1359 | D        | Noticed Dowan
  1359 | D        | Noticed Duvessa
  1361 | D        | Killed Duvessa
  1367 | D        | Killed from afar by Dowan

Illustrated notes

Levels and vault maps discovered:
D:        dungeon_sprint_mu [sprint_mu_entry_cave, sprint_mu_temple_rooms,
          sprint_mu_d1_horrors, sprint_mu_d2_genie, sprint_mu_d3_branching,
          sprint_mu_orc_legion, sprint_mu_elf_gauntlet, sprint_mu_hive_nellie,
          sprint_mu_lair_fedhas, sprint_mu_vaults_butterflies,
          sprint_mu_slime_circle, sprint_mu_swamp_cave, sprint_mu_shoals_archi,
          sprint_mu_blade_basic, sprint_mu_crypt_chambers,
          sprint_mu_tomb_spiral, sprint_mu_vestibule_basic,
          sprint_mu_gehenna_hellfire, sprint_mu_dis_giant,
          sprint_mu_tartarus_statrot, sprint_mu_cocytus_islands, sprint_mu_zot1]

Skill      XL: |  1  2  3  4  5  6  7  8  9 |
---------------+----------------------------+-----
Stealth        | 9 10 12 13 16 19 20 22 23 | 23.3
Fighting       | 2 3 4 |  4.9
Short Blades   | 3 4 5 7 8 9 |  9.0
Throwing       | 3 4 6 7 8 9 10 | 10.4
Dodging        | 2 4 6 8 9 |  9.3
Evocations     | 3 4 |  4.5
Invocations    | 4 6 |  6.2

Action                   |  1- 3 |  4- 6 |  7- 9 || total
-------------------------+-------+-------+-------++-------
Melee: Dagger            |     7 |    22 |    60 ||    89
       Headbutt          |     1 |     3 |    19 ||    23
       Punch             |       |       |     1 ||     1
Throw: Dart              |    15 |       |    11 ||    26
Invok: Shadow Step       |       |       |     1 ||     1
Evoke: Wand              |       |       |     6 ||     6
       Box of beasts     |       |       |     4 ||     4
  Use: Potion            |     3 |       |     2 ||     5
 Stab: Sleeping          |     2 |     4 |     7 ||    13
       Betrayed ally     |       |       |     1 ||     1
       Distracted        |       |       |     1 ||     1
Armor: Robe              |       |       |     4 ||     4
Dodge: Dodged            |     6 |    11 |    43 ||    60

Table legend: (Time is in decaauts)
 A = Elapsed time spent in this place.
 B = Non-inter-level travel time spent in this place.
 C = Inter-level travel time spent in this place.
 D = Time resting spent in this place.
 E = Time spent auto-exploring this place.
 F = Levels seen in this place.
 G = Mean time per level.
                   A        B        C        D        E       F      G
               +--------+--------+--------+--------+--------+-----+--------+
         Total |   1134 |   1133 |      1 |    703 |      9 |   1 | 1134.0 |
       Dungeon |   1134 |   1133 |      1 |    703 |      9 |   1 | 1134.0 |
               +--------+--------+--------+--------+--------+-----+--------+

Top non-repeatable levels by time:
       D: 1134 daAuts
